 Dungeon Crawl Stone Soup version 0.32-a0-643-ga006e7742e (webtiles) character file.

Game seed: 4632311326766081143

6318 Dittersdorf the Protected (level 10, -4/66 HPs)
             Began as a Gargoyle Fighter on Mar 7, 2024.
             Was an Initiate of Gozag.
             Killed by divine providence
             ... invoked by a smoke demon
              (8 damage)
             ... on level 3 of the Abyss.
             The game lasted 00:12:53 (10049 turns).

Dittersdorf the Protected (Gargoyle Fighter)       Turns: 10049, Time: 00:12:53

Health: -4/66      AC: 18    Str: 24    XL:     10   Next: 95%
Magic:  19/19      EV:  9    Int: 12    God:    Gozag
Gold:   667        SH: 11    Dex: 12    Spells: 9/9 levels left

rFire   + + .        A - +8 mace of Anger {drain, rC+ Dex+3}
rCold   + . .        i - +0 kite shield
rNeg    + + +        b - +0 scale mail
rPois   ∞            (no helmet)
rElec   +            l - +0 cloak
rCorr   .            r - +0 pair of gloves
SInv    .            (no boots)
Will    +....        p - amulet "Cudixt" {Acrobat rF++ rN+ Int+3} Stlth
                     g - ring of magical power
HPRegen 0.31/turn    t - ring of positive energy
MPRegen 0.16/turn

%: acrobat
@: enlightened, flying
A: sickness immunity, AC +7, negative energy resistance 1, electricity
resistance, torment resistance 1, petrification resistance
a: Renounce Religion, Potion Petition, Call Merchant, Bribe Branch


You were on level 3 of the Abyss.
You worshipped Gozag.
Gozag was pleased with you.
You visited 2 branches of the dungeon, and saw 11 of its levels.
You visited the Abyss 1 time.

You collected 1264 gold pieces.
You spent 530 gold pieces at shops.
You paid 67 gold pieces to Gozag.

Inventory:

Hand Weapons
 j - a +1 morningstar of holy wrath
 A - the +8 mace of Anger (weapon) {drain, rC+ Dex+3}
   (You took it off an orc wizard on level 7 of the Dungeon)

   Dex+3:     It affects your dexterity (+3).
   rC+:       It protects you from cold.
Missiles
 k - 4 curare-tipped darts (quivered)
Armour
 b - a +0 scale mail (worn)
 i - a +0 kite shield (worn)
 l - a +0 cloak (worn)
 r - a +0 pair of gloves (worn)
Jewellery
 g - a ring of magical power (left hand)
 p - the amulet "Cudixt" (around neck) {Acrobat rF++ rN+ Int+3}
   (You found it on level 7 of the Dungeon)

   [amulet of the acrobat]

   Acrobat:   It increases your evasion while moving and waiting.
   Int+3:     It affects your intelligence (+3).
   rF++:      It greatly protects you from fire.
   rN+:       It protects you from negative energy.
 t - a ring of positive energy (right hand)
Wands
 a - a wand of paralysis (10)
Scrolls
 c - a scroll of butterflies {unknown}
 n - a scroll of enchant weapon
 x - a scroll of revelation
 y - a scroll of blinking
 B - a scroll of torment {unknown}
Potions
 d - 2 potions of might
 e - a potion of cancellation
 f - 2 potions of magic
 h - 2 potions of enlightenment
 m - 2 potions of curing {unknown}
 o - 2 potions of heal wounds {unknown}
 q - 2 potions of degeneration {unknown}
 s - a potion of mutation {unknown}
 u - a potion of resistance
 w - 3 potions of haste


   Skills:
 + Level 9.5 Fighting
 + Level 8.4 Maces & Flails
 + Level 9.5 Armour
 + Level 9.5 Shields


You had 9 spell levels left.
You didn't know any spells.
Your spell library contained the following spells:

 Spells                   Type           Power      Damage    Failure   Level
 Ozocubu's Armour         Ice            0%         N/A       98%         3
 Tukima's Dance           Hex            0%         N/A       98%         3
 Dimensional Bullseye     Hex/Tloc       0%         N/A       100%        4
 Iskenderun's Mystic Bla  Conj/Tloc      0%         2d3       100%        4
 Summon Blazeheart Golem  Fire/Summ      0%         N/A       100%        4
 Metabolic Englaciation   Hex/Ice        0%         N/A       100%        5
 Sculpt Simulacrum        Ice/Alch       0%         N/A       100%        6
 Orb of Destruction       Conj           0%         9d5       100%        7
 Spellforged Servitor     Conj/Summ      0%         N/A       100%        7


Dungeon Overview and Level Annotations

Branches:
Dungeon (10/15)            Temple (1/1) D:5
   Lair: D:8-11         Orc: D:9-12

Altars:
Ashenzari
Cheibriados
Dithmenos
Elyvilon
Fedhas
Gozag
Hepliaklqana
Kikubaaqudgha
Makhleb
Nemelex Xobeh
Okawaru
Qazlal
Ru
Sif Muna
Trog
Uskayaw
Vehumet
Wu Jian
Xom
Yredelemnul
Zin
The Shining One

Shops:
D:3 :*[((

Annotations:
D:3 1 runed translucent door, Malificent's ghost, amateur MDAr
D:4 1 runed translucent door, Sirjeffry24's ghost, novice CoHu
D:9 Psyche


Innate Abilities, Weirdness & Mutations

You are immune to sickness and miasma.
Your stone body is resilient. (AC +7)
You are immune to poison.
You resist negative energy. (rN+)
You are resistant to electric shocks. (rElec)
You are resistant to unholy torment.
You are immune to petrification.


Message History

A chorus of shrieks assaults your mind.
There are monsters nearby!
Cornered, the ufetubus turns to fight!
The laughing skull completely misses you.
The starcursed mass shrieks in your mind.
You block the ufetubus's attack. x2
You hit the large abomination.
The large abomination is lightly damaged.
You block the laughing skull's attack. The ufetubus barely misses you.
The ufetubus hits you. The laughing skull closely misses you.
The starcursed mass shrieks in your mind.
The large abomination hits you but does no damage.
The laughing skull headbutts you. The starcursed mass misses you.
The ufetubus misses you. The ufetubus completely misses you.
A smoke demon comes into view.
The smoke demon roars!
The laughing skull completely misses you.
The ufetubus attacks as it pursues you! You block the ufetubus's attack. x2
Cornered, the ufetubus turns to fight!
A starcursed mass splits.
The laughing skull headbutts you!
A wretched star comes into view.
You enter the shallow water.
Moving in this stuff is going to be slow.
The ufetubus closely misses you. You block the ufetubus's attack.
The smoke demon gestures at you. Something smites you!
* * * LOW HITPOINT WARNING * * *
The starcursed mass touches you but does no damage.
A ynoxinul comes into view.
The ynoxinul bellows!
The smoke demon gestures at you. Something smites you!
* * * LOW HITPOINT WARNING * * *
You feel very buoyant.
You fly up into the air.
An ufetubus comes into view.
The smoke demon gestures at you. Something smites you!
You die...
Your body crumbles into a pile of gold.

#.. . ..~#.~..
#. ...#~. .#.
..~~. .5. ≈~≈#
#33 ≈~####
#..##≈#..#
#~@z#..#
#~XX.X#....#
#.##*5#X5###.#
#.##.X.~#.#
..#.*##..~~.#
...#..
.##.~#5# #..
#. # .~### ##
#. #≈. . #..


You could see 4 starcursed masses, a wretched star, a large abomination, a smoke
demon, a ynoxinul, a laughing skull and 3 ufetubi.

Vanquished Creatures
  Erica (D:8)
  A troll (D:7)
  A shadow (D:7)
  7 yaks (D:8)
  3 steam dragons
  4 water moccasins
  A sky beast (D:7)
  An ice beast (D:7)
  2 orc warriors (D:8)
  A black bear (D:5)
  5 centaurs
  4 ogres
  5 kobold brigands
  Blork the orc (D:5)
  3 bullfrogs
  2 gnoll sergeants
  3 scorpions
  5 wights (D:8)
  4 killer bees (D:8)
  4 bombardier beetles
  3 howler monkeys (D:7)
  2 jellies
  An orc priest (D:8)
  A gnoll bouda (D:9)
  2 hounds
  5 iguanas
  4 sleepcaps
  5 orc wizards
  11 gnolls
  6 adders
  A shadow imp (D:7)
  3 white imps
  2 ufetubi (D:6)
  2 ribbon worms
  2 dart slugs
  23 orcs
  5 bats
  8 endoplasms
  4 giant cockroaches
  13 goblins
  5 hobgoblins
  8 jackals
  3 quokkas
  3 ball pythons
  2 frilled lizards
  14 kobolds
  5 rats
201 creatures vanquished.

Vanquished Creatures (others)
  An orc (D:8)
  2 kobolds (D:9)
3 creatures vanquished.

Grand Total: 204 creatures vanquished

Notes
Turn   | Place    | Note
-------+----------+-------------------------------------------
     0 | D:1      | Dittersdorf the Gargoyle Fighter began the quest for the
                  | Orb.
     0 | D:1      | Reached XP level 1. HP: 14/14 MP: 1/1
     6 | D:1      | You fall into a shaft and drop 1 floor!
   247 | D:1      | Reached XP level 2. HP: 16/19 MP: 2/2
   479 | D:1      | Reached XP level 3. HP: 23/23 MP: 3/3
  1413 | D:2      | Reached XP level 4. HP: 28/29 MP: 4/4
  1685 | D:3      | Found a runed translucent door.
  1686 | D:3      | Noticed Malificent's ghost (amateur MDAr)
  1728 | D:3      | Found Veoducat's Antique Weapon Shop.
  1808 | D:3      | Found Etwuby's General Store.
  1862 | D:3      | Noticed a +0 rapier
  1864 | D:3      | Found Quhic's Weapon Emporium.
  1866 | D:3      | Noticed a +0 demon blade
  1984 | D:3      | Found Kokhlyxett's Antique Armour Emporium.
  2160 | D:3      | Found Monnumen's Book Shop.
  2396 | D:4      | Reached XP level 5. HP: 30/33 MP: 5/5
  2687 | D:4      | Reached XP level 6. HP: 5/39 MP: 6/6
  3055 | D:4      | Found a runed translucent door.
  3055 | D:4      | Noticed Sirjeffry24's ghost (novice CoHu)
  3253 | D:5      | Entered Level 5 of the Dungeon
  3340 | D:5      | Reached skill level 5 in Fighting
  3340 | D:5      | Reached skill level 5 in Armour
  3340 | D:5      | Reached skill level 5 in Shields
  3457 | D:5      | Reached XP level 7. HP: 5/44 MP: 7/7
  3832 | D:5      | Found a staircase to the Ecumenical Temple.
  3844 | Temple   | Entered the Ecumenical Temple
  3857 | Temple   | Became a worshipper of Gozag Ym Sagoz the Greedy
  4625 | D:5      | Reached XP level 8. HP: 36/51 MP: 8/8
  4738 | D:5      | Noticed Blork the orc
  4749 | D:5      | Killed Blork the orc
  4809 | D:5      | Identified the +3 war axe of Subterfuge {venom, rC+}
  4910 | D:3      | Bought a glowing morningstar for 217 gold pieces
  5200 | D:6      | Reached skill level 5 in Maces & Flails
  6542 | D:7      | Reached XP level 9. HP: 37/56 MP: 9/9
  6911 | D:7      | Noticed a troll
  6945 | D:7      | Killed a troll
  7055 | D:7      | Identified the amulet "Cudixt" {Acrobat rF++ rN+ Int+3}
  7313 | D:7      | Identified the +8 mace of Anger {drain, rC+ Dex+3}
  7827 | D:3      | Bought a fine chain mail for 313 gold pieces
  7827 | D:3      | Identified the +0 chain mail of Trial and Error {Harm
                  | Int+3} (You bought it in a shop on level 3 of the Dungeon)
  8019 | D:7      | Reached XP level 10. HP: 15/64 MP: 10/10
  8225 | D:8      | Found an ornate altar of the Wu Jian Council.
  8772 | D:8      | Noticed Erica
  8786 | D:8      | Killed Erica
  8951 | D:8      | Found a hide-covered altar of Uskayaw.
  8952 | D:8      | Found a glowing golden altar of the Shining One.
  8952 | D:8      | Found a glowing silver altar of Zin.
  8953 | D:8      | Found a bloodstained altar of Trog.
  9048 | D:8      | Found a snail-covered altar of Cheibriados.
  9372 | D:9      | Noticed Psyche
  9505 | D:10     | Entered Level 10 of the Dungeon
  9751 | Abyss:2  | Cast into level 2 of the Abyss (Psyche)
  9793 | Abyss:2  | Noticed a smoke demon
  9805 | Abyss:2  | Found a corrupted altar of Lugonu.
  9897 | Abyss:3  | Noticed a large abomination
  9954 | Abyss:3  | Noticed a large abomination
  9955 | Abyss:3  | Found a corrupted altar of Lugonu.
  9989 | Abyss:3  | Noticed a death knight
  9999 | Abyss:3  | Noticed a starcursed mass
 10006 | Abyss:3  | Noticed a large abomination
 10012 | Abyss:3  | Noticed a necromancer
 10020 | Abyss:3  | Noticed a starcursed mass
 10036 | Abyss:3  | Noticed a worldbinder
 10046 | Abyss:3  | Noticed a smoke demon
 10046 | Abyss:3  | Noticed a wretched star
 10049 | Abyss:3  | Killed from afar by a smoke demon

Illustrated notes

Levels and vault maps discovered:
D:1:      dpeg_arrival_rhombi, layout_loops_ring,
          chequers_serial_rivers_small_a, minmay_liquid_box,
          nicolae_figureground_pulse
D:2:      layout_basic
D:3:      layout_basic, serial_shops, nicolae_shop_mannequins,
          nicolae_shop_real_fake_doors,
          nicolae_shop_competitors_out_of_business,
          nicolae_shop_advertising_works [nicolae_subvault_shop_adworks],
          nicolae_shop_trees, gammafunk_ghost_grave
D:4:      layout_rooms, ebering_ghost_inner_flame,
          hangedman_abyss_or_decor_lesser_grid, hangedman_decor_peaks_small,
          hangedman_glass_teeth
D:5:      layout_loops_ring, minmay_temple_entry_waves, dk_vineyard_2,
          serial_bayou_pond_e, lightli_minifort, uniq_blork_the_orc
D:6:      layout_basic, nicolae_benzene_ring
D:7:      minmay_s_stair_smasher, layout_loops_ring
D:8:      layout_basic, nicolae_overflow_crystal_walls,
          chequers_temple_overflow_statue_of_worship, chei_slow_surprise,
          minmay_increasing_density, uniq_erica
D:9:      layout_cave_pools, grunt_lair_entry_orc_guard_hut,
          dreamdust_gnoll_shepherd, uniq_joseph, uniq_psyche
D:10:     layout_basic, jiyva_altar_1
Temple:   regret_index_temple_sphere_string
Abyss:3:  base: D:3, guppyfry_abyss_exit_imp_island, hangedman_eye_storm,
          patterned_corridor, evilmike_abyss_exit_2, minivault_28, minivault_1

Skill      XL: |  1  2  3  4  5  6  7  8  9 10 |
---------------+-------------------------------+-----
Fighting       | 4 5 6 8 9 |  9.5
Armour         | 4 5 6 8 9 |  9.5
Shields        | 4 5 6 8 9 |  9.5
Maces & Flails | 3 4 5 7 8 |  8.4

Action                     |  1- 3 |  4- 6 |  7- 9 | 10-12 || total
---------------------------+-------+-------+-------+-------++-------
  Melee: Flail             |   133 |   203 |    77 |       ||   413
         Morningstar       |       |       |   200 |       ||   200
         Mace              |       |       |    18 |   184 ||   202
  Throw: Dart              |       |       |     3 |     3 ||     6
  Evoke: Wand              |       |       |    27 |       ||    27
    Use: Scroll            |       |     8 |     6 |     5 ||    19
         Potion            |       |       |     1 |     1 ||     2
   Stab: Distracted        |       |       |       |     2 ||     2
 Armour: Scale mail        |    94 |   185 |   288 |   176 ||   743
  Dodge: Dodged            |    73 |   107 |   183 |   164 ||   527
  Block: Buckler           |    43 |    58 |   129 |       ||   230
         Kite shield       |       |       |       |   185 ||   185

Table legend: (Time is in decaauts)
 A = Elapsed time spent in this place.
 B = Non-inter-level travel time spent in this place.
 C = Inter-level travel time spent in this place.
 D = Time resting spent in this place.
 E = Time spent auto-exploring this place.
 F = Levels seen in this place.
 G = Mean time per level.
                   A        B        C        D        E       F      G
               +--------+--------+--------+--------+--------+-----+--------+
         Total |  10291 |   9584 |    707 |   1967 |   5507 |  13 |  791.6 |
       Dungeon |   9965 |   9282 |    683 |   1817 |   5507 |  10 |  996.5 |
        Temple |     26 |      2 |     24 |      0 |      0 |   1 |   26.0 |
         Abyss |    299 |    299 |      0 |    150 |      0 |   2 |  149.5 |
               +--------+--------+--------+--------+--------+-----+--------+

Top non-repeatable levels by time:
     D:7: 1602 daAuts
     D:6: 1600 daAuts
     D:8: 1559 daAuts
     D:5: 1400 daAuts
     D:4: 1042 daAuts
     D:3: 1036 daAuts
     D:1: 889 daAuts
     D:2: 767 daAuts
 Abyss:3: 159 daAuts
 Abyss:2: 139 daAuts
     D:9: 65 daAuts
  Temple: 26 daAuts
    D:10: 1 daAuts
